 Dungeon Crawl Stone Soup version 0.31-a0-986-g5e6e4ef867 (webtiles) character file.

Game seed: 6649861048801683620

105 Persephone the Shooter (level 5, -3/38 HPs)
             Began as a Formicid Hunter on Nov 12, 2023.
             Killed by nerve-wracking pain
             ... invoked by an orc priest
              (5 damage)
             ... on level 3 of the Dungeon.
             The game lasted 00:02:15 (1586 turns).

Persephone the Shooter (Formicid Hunter)            Turns: 1586, Time: 00:02:15

Health: -3/38      AC:  3    Str: 16    XL:     5   Next: 8%
Magic:  0/5        EV: 12    Int:  8    God:
Gold:   114        SH:  0    Dex: 19    Spells: 4/4 levels left

rFire   . . .        a - +1 shortbow
rCold   . . .        (no shield)
rNeg    . . .        c - +0 leather armour
rPois   .            (helmet unavailable)
rElec   .            (no cloak)
rCorr   .            (no gloves)
SInv    +            (no boots)
Will    .....        n - amulet of guardian spirit
Stlth   ++           (no ring)
HPRegen 0.26/turn    (no ring)
MPRegen 0.09/turn

%: guardian spirit
@: no status effects
A: permanent stasis, dig shafts and tunnels, antennae 3, four strong arms
a: Dig, Shaft Self


You were on level 3 of the Dungeon.
You visited 1 branch of the dungeon, and saw 3 of its levels.

You collected 114 gold pieces.

Inventory:

Hand Weapons
 a - a +1 shortbow (weapon)
Armour
 c - a +0 leather armour (worn)
Jewellery
 n - an amulet of guardian spirit (around neck)
Wands
 m - a wand of mindburst (15)
Scrolls
 b - 2 scrolls of butterflies
 g - 2 scrolls of immolation
Potions
 f - a potion of heal wounds
 i - a potion of degeneration
 j - a potion of brilliance
 k - a potion of enlightenment
 l - a potion of might {unknown}


   Skills:
 - Level 2.1 Fighting
 + Level 5.5 Ranged Weapons
 - Level 1.7 Dodging
 + Level 3.1 Stealth


You had 4 spell levels left.
You didn't know any spells.
Your spell library was empty.

Dungeon Overview and Level Annotations

Branches:
Dungeon (3/15)

Altars:

Shops:
D:1 ?


Innate Abilities, Weirdness & Mutations

You cannot be hasted, slowed, berserked, paralysed or teleported.
You can dig through walls and to a lower floor.
You have a pair of large antennae on your head. (SInv)
Your four strong arms can wield two-handed weapons with a shield.


Message History

Fire: a) +1 shortbow
Press: ? - help, Shift-Dir - straight line, f/p - orc priest
Aim: an orc priest, wielding a +0 whip and wearing a +0 leather armour (almost dead, 65% to hit)
You shoot an arrow.
The arrow closely misses the orc priest.
The arrow hits the orc.
The orc is heavily wounded.
The orc priest barely misses you.
Fire: a) +1 shortbow
Press: ? - help, Shift-Dir - straight line, f/p - orc priest
Aim: an orc priest, wielding a +0 whip and wearing a +0 leather armour (almost dead, 65% to hit)
You shoot an arrow. The arrow barely misses the orc priest.
The arrow hits the orc but does no damage.
The orc is heavily wounded.
The orc priest hits you with a +0 whip. x2
Fire: a) +1 shortbow
Press: ? - help, Shift-Dir - straight line, f/p - orc priest
Aim: an orc priest, wielding a +0 whip and wearing a +0 leather armour (almost dead, 65% to hit)
You shoot an arrow.
The arrow hits the orc priest but does no damage.
The orc priest is almost dead.
The orc priest hits you with a +0 whip.
Fire: a) +1 shortbow
Press: ? - help, Shift-Dir - straight line, f/p - orc priest
Aim: an orc priest, wielding a +0 whip and wearing a +0 leather armour (almost dead, 65% to hit)
You shoot an arrow.
The arrow hits the orc priest but does no damage.
The orc priest is almost dead.
The orc priest invokes the aid of Beogh against you.
Beogh smites you!
* * * LOW HITPOINT WARNING * * *
Fire: a) +1 shortbow
Press: ? - help, Shift-Dir - straight line, f/p - orc priest
Aim: an orc priest, wielding a +0 whip and wearing a +0 leather armour (almost dead, 65% to hit)
You shoot an arrow. The arrow barely misses the orc priest.
The arrow hits the orc but does no damage.
The orc is heavily wounded.
The orc priest mumbles some strange prayers to Beogh against you.
Pain shoots through your body!
You die...

##########.#
..>....|...#
....>......# ####
...........###..###
..................######
####.#####.###.....)...W
#. #†######....### .
#..?####.##.# #.
##..@oo)))....
#..######## .. #..†.#
...##..# #### #.# .. ##.


You could see an orc priest and an orc.

Vanquished Creatures
  Jessica (D:3)
  2 adders (D:2)
  A worm (D:3)
  3 dart slugs
  3 orcs (D:3)
  6 ball pythons
  6 endoplasms
  A giant cockroach (D:2)
  2 goblins (D:1)
  2 hobgoblins (D:1)
  2 jackals (D:1)
  3 kobolds (D:2)
  2 quokkas (D:2)
  2 bats
  4 frilled lizards
  9 rats
49 creatures vanquished.

Notes
Turn   | Place    | Note
-------+----------+-------------------------------------------
     0 | D:1      | Persephone the Formicid Hunter began the quest for the Orb.
     0 | D:1      | Reached XP level 1. HP: 16/16 MP: 1/1
    99 | D:1      | Reached XP level 2. HP: 22/22 MP: 2/2
   189 | D:1      | Reached XP level 3. HP: 27/27 MP: 3/3
   300 | D:1      | Reached skill level 5 in Ranged Weapons
   559 | D:1      | Found Uzapsid's Magic Scroll Boutique.
  1017 | D:2      | Reached XP level 4. HP: 33/33 MP: 4/4
  1059 | D:2      | Found a faded altar of an unknown god.
  1544 | D:3      | Noticed a phantom
  1566 | D:3      | Noticed Jessica
  1568 | D:3      | Killed Jessica
  1569 | D:3      | Reached XP level 5. HP: 38/38 MP: 5/5
  1586 | D:3      | Killed from afar by an orc priest

Illustrated notes

Levels and vault maps discovered:
D:1:      tekkud_arrival_beachfront_property, layout_basic, serial_shops,
          nicolae_shop_rolled_up
D:2:      layout_loops_corners, hellmonk_ecumenical_altar_arch_garden
D:3:      layout_rooms, patterned_corridor, uniq_jessica

Skill      XL: |  1  2  3  4 |
---------------+-------------+-----
Ranged Weapons | 5 |  5.5
Stealth        | 2 3 |  3.1
Fighting       | |  2.1
Dodging        | |  1.7

Action                     |  1- 3 |  4- 6 || total
---------------------------+-------+-------++-------
   Fire: Shortbow          |    67 |    55 ||   122
    Use: Scroll            |       |     7 ||     7
 Armour: Leather armour    |     4 |    10 ||    14
  Dodge: Dodged            |     1 |     8 ||     9

Table legend: (Time is in decaauts)
 A = Elapsed time spent in this place.
 B = Non-inter-level travel time spent in this place.
 C = Inter-level travel time spent in this place.
 D = Time resting spent in this place.
 E = Time spent auto-exploring this place.
 F = Levels seen in this place.
 G = Mean time per level.
                   A        B        C        D        E       F      G
               +--------+--------+--------+--------+--------+-----+--------+
         Total |   1607 |   1532 |     75 |      0 |   1255 |   3 |  535.7 |
       Dungeon |   1607 |   1532 |     75 |      0 |   1255 |   3 |  535.7 |
               +--------+--------+--------+--------+--------+-----+--------+

Top non-repeatable levels by time:
     D:2: 880 daAuts
     D:1: 651 daAuts
     D:3: 75 daAuts
